 Dungeon Crawl Stone Soup version 0.15-a0-1206-g3bad1a6 (console) character file.

35 SlowMonk the Insei (level 3, -17/26 HPs)
             Began as an Octopode Monk on June 1, 2014.
             Demolished by an ogre
             ... wielding a +0,+0 giant club
              (30 damage)
             ... on Level 4 of the Dungeon.
             The game lasted 00:03:33 (699 turns).

SlowMonk the Insei (Octopode Monk)                   Turns: 699, Time: 00:03:33

HP -17/26        AC  1     Str 11      XL: 3   Next: 33%
MP   3/3         EV 13     Int 12      God:
Gold 118         SH  0     Dex 14      Spells:  0 memorised,  2 levels left

rFire  . . .     SeeInvis .       - Unarmed
rCold  . . .     Clarity  .     (no shield)
rNeg   . . .     rCorr    .     (helmet restricted)
rPois  .         rRot     .     (no amulet)
rElec  .         Spirit   .     (no ring)
SustAb .         Warding  .     (no ring)
rMut   .         Stasis   .     (no ring)
Gourm  .                        (no ring)
MR     .....                    (no ring)
                                (no ring)
                                (no ring)
                                (no ring)

@: not resistant to hostile enchantments, fairly stealthy
A: almost no armour, amphibious, 8 rings, constrict 8, camouflage 1, gelatinous
body 1
a: no special abilities


You were on level 4 of the Dungeon.
You were not hungry.

You visited 1 branch of the dungeon, and saw 4 of its levels.

You collected 118 gold pieces.

Inventory:

Missiles
 k - 2 javelins (quivered)
Comestibles
 b - 4 bread rations
 f - a meat ration
Scrolls
 d - 2 scrolls of recharging {unknown}
 h - 5 scrolls of identify {unknown}
 i - 4 scrolls of teleportation {unknown}
 j - a scroll of enchant weapon II {unknown}
 m - a scroll of amnesia {unknown}
 n - a scroll of immolation {unknown}
 o - a scroll of remove curse {unknown}
 p - a scroll of fog {unknown}
Potions
 a - a potion of cure mutation {unknown}
 c - 6 potions of curing {unknown}
 e - a potion of agility {unknown}
 g - a potion of degeneration {unknown}
 l - a potion of flight {unknown}


   Skills:
 - Level 3.0 Fighting
 - Level 3.0 Dodging
 - Level 2.6 Stealth
 + Level 5.1 Unarmed Combat


You had 2 spell levels left.
You didn't know any spells.

Dungeon Overview and Level Annotations

Branches:
Dungeon (4/15)
 Temple: D:4-7

Altars:
Dithmenos
The Shining One


Innate Abilities, Weirdness & Mutations

You cannot wear most types of armour.
You are amphibious.
You can wear up to eight rings at the same time.
You can use your tentacles to constrict many enemies at once.
Your skin changes colour to match your surroundings (Stealth).
Your rubbery body absorbs attacks (AC +1).


Message History

Press: ? - help, Shift-Dir - straight line, f/p - ogre
Aim: an ogre, wielding a giant club You throw a javelin.
The javelin barely misses the ogre.
You tentacle-slap the ogre.
Your tentacle-slap misses the ogre.
The ogre is lightly wounded.
The ogre barely misses you.
You tentacle-slap the ogre. Your squeeze misses the ogre.
The ogre is moderately wounded.
The ogre hits you with a giant club!
Ouch! That really hurt!
You barely miss the ogre. Your squeeze misses the ogre.
The ogre is moderately wounded.
You barely miss the ogre. You squeeze the ogre, but do no damage.
The ogre is moderately wounded.
The ogre closely misses you.
You tentacle-slap the ogre.
The ogre is moderately wounded.
The ogre hits you with a giant club!!
Ouch! That really hurt!
You die...

#... #... #..# #+# #..#
#.# #..###.#
#########..###_.
...........# #.# #
............# #.# .#
(....($O@...###'###..#
###.######...........#
#...###.##..#
#...##..##..# .
#...........## ###.
##............... ....
##............... ...#
##................
#..###.................


You could see an ogre.

Vanquished Creatures
  A giant mite (D:3)
  2 giant geckos (D:4)
  A bat (D:1)
  A giant cockroach (D:2)
  4 goblins
  5 hobgoblins
  3 quokkas (D:3)
  5 giant newts (D:2)
  2 kobolds
  A rat (D:2)
25 creatures vanquished.

Notes
Turn   | Place    | Note
--------------------------------------------------------------
     0 | D:1      | SlowMonk, the Octopode Monk, began the quest for the Orb.
     0 | D:1      | Reached XP level 1. HP: 16/16 MP: 1/1
   128 | D:2      | Reached XP level 2. HP: 7/21 MP: 2/2
   247 | D:2      | Found a glowing golden altar of the Shining One.
   542 | D:3      | Reached XP level 3. HP: 26/26 MP: 3/3
   570 | D:3      | Reached skill level 5 in Unarmed Combat
   683 | D:4      | Found a shadowy altar of Dithmenos.
   690 | D:4      | Noticed an ogre
   699 | D:4      | Demolished by an ogre

Action                   || total
-------------------------++-------
Melee: Unarmed           ||    43
Throw: Javelin           ||     2
 Stab: Sleeping          ||    12
